AoeStats
← matheus_deves

Arabia

505898760Analyzed
1v1 RM · 22d ago on Sep 11, 2026· 23m 34s· 2 players
Game mode
Random Map
Map size
Tiny (2 player)
Population
200
Speed
Normal
Resources
Standard
Victory
Conquest
Starting age
Dark Age
Ending age
Imperial Age
RankedLock teamsTeams togetherTeam positionsShared explorationLock speedFull tech treeHidden civsTurbo modeCheats
Victory
Defeat
🇺🇸 Japanese · United States
616
+15
🇧🇷 Maya · Brazil
595
-30
matheus_deves
5:07 Loom
10:07 Feudal Age
10:58 Double-Bit Axe
14:45 Wheelbarrow
19:13 Padded Archer Armor
dumbledoresarmy
7:34 Loom
11:19 Feudal Age
14:34 Double-Bit Axe
15:21 Horse Collar
20:05 Fletching
22:45 Castle Age
21:18 Gold Mining
20:58 Man-at-Arms
22:21 Scale Mail Armor
22:44 Arson
23:26 Long Swordsman
23:53 Gambesons
Connection lost

Rejoining the realm…

Still unreachable

The connection could not be restored.

Session expired

The server has moved on; the page needs a fresh start.